 Dungeon Crawl Stone Soup version bcrawl-1.18.1 (webtiles) character file.

Game seed: 12090362034558782738

44 Freyura the Twirler (level 3, -2/27 HPs)
             Began as a Demonspawn Gladiator on Nov 8, 2019.
             Slain by a hobgoblin
             ... wielding a +0 club
             ... led by Robin
              (3 damage)
             ... on level 2 of the Dungeon.
             The game lasted 00:04:02 (773 turns).

Freyura the Twirler (Demonspawn Gladiator)           Turns: 773, Time: 00:04:02

Health: -2/27      AC:  6    Str: 14    XL:     3   Next: 39%
Magic:  0/3        EV: 13    Int:  9    God:
Gold:   32         SH:  0    Dex: 18    Spells: 2/2 levels left

rFire    . . .     SeeInvis .   a - +0 quarterstaff
rCold    . . .     Gourm    .   (shield currently unavailable)
rNeg     . . .     Faith    .   b - +0 leather armour
rPois    .         Spirit   +   c - +0 helmet
rElec    .         Reflect  .   (no cloak)
rCorr    +         Harm     .   (no gloves)
MR       .....                  (no boots)
Stlth    +.........             (no amulet)
HPRegen  0.09/turn              o - ring of resist corrosion
MPRegen  0.08/turn              p - +3 ring of dexterity

@: berserk cooldown, slowed, invisible, very slow
A: icy blue scales 1, magic shield
a: no special abilities


You were on level 2 of the Dungeon.
You were not hungry.

You visited 1 branch of the dungeon, and saw 2 of its levels.

You collected 32 gold pieces.

Inventory:

Hand Weapons
 a - a +0 quarterstaff (weapon)
Missiles
 d - 3 throwing nets (quivered) {!f}
Armour
 b - a +0 leather armour (worn)
 c - a +0 helmet (worn)
Jewellery
 o - a ring of resist corrosion (left hand)
 p - a +3 ring of dexterity (right hand)
Scrolls
 h - 2 scrolls of teleportation {unknown}
 i - a scroll of enchant armour {unknown}
 j - a scroll of enchant weapon {unknown}
 k - a scroll of magic mapping {unknown}
 l - 2 scrolls of identify {unknown}
 m - a scroll of amnesia {unknown}
Comestibles
 f - 3 rations {!d}


   Skills:
 + Level 2.3 Fighting
 + Level 3.4 Staves
 - Level 1.7 Throwing
 + Level 3.2 Dodging
 + Level 0.3 Stealth


You had 2 spell levels left.
You didn't know any spells.
Your spell library was empty.

Dungeon Overview and Level Annotations

Branches:
Dungeon (2/12)

Altars:
Vehumet

Annotations:
D:2 Robin


Innate Abilities, Weirdness & Mutations

You are partially covered in icy blue scales. (AC +2)
When hurt, damage is shared between your health and your magic reserves.


Message History

You completely miss the hobgoblin.
The hobgoblin no longer looks unusually strong.
The hobgoblin hits you but does no damage.
Things that are here:
a goblin corpse x2
You closely miss the goblin. The goblin barely misses you.
You hit the goblin.
The goblin is severely wounded.
Robin roars a battlecry!
The goblin goes into a battle-frenzy!
You bludgeon the goblin!!
You kill the goblin!
You are no longer berserk.
You are exhausted.
You feel yourself slow down.
It was a potion of invisibility.
You fade into invisibility!
Robin throws the goblin out of sight!
The hobgoblin barely misses you. The goblin closely misses you.
The hobgoblin hits you with a +0 club.
You die...

....## #....###
#...... ####....#
#......# #.##.#g#
#..g# ###g# #+#
#@# #.# #.####g#
##.######
#.....(#####
#........
###........#
##...####.
#.##.###.###.....#
#.
#.##............##
#.
#........#####.##
#. ######### #.#
#. #.# ##


You could see Robin, 2 hobgoblins and a goblin.

Vanquished Creatures
  A worm (D:2)
  A giant cockroach (D:1)
  9 goblins
  6 hobgoblins
  4 jackals (D:1)
  5 kobolds (D:1)
  3 bats
  3 frilled lizards (D:1)
  4 rats (D:1)
36 creatures vanquished.

Notes
Turn   | Place    | Note
-------+----------+-------------------------------------------
     0 | D:1      | Freyura the Demonspawn Gladiator began the quest for the
                  | Orb.
     0 | D:1      | Reached XP level 1. HP: 16/16 MP: 1/1
   155 | D:1      | Gained mutation: You are partially covered in icy blue
                  | scales. (AC +2) [demonic ancestry]
   155 | D:1      | Reached XP level 2. HP: 22/22 MP: 2/2
   605 | D:2      | Found a radiant altar of Vehumet.
   650 | D:2      | Gained mutation: When hurt, damage is shared between your
                  | health and your magic reserves. [demonic ancestry]
   650 | D:2      | Reached XP level 3. HP: 27/27 MP: 3/3
   740 | D:2      | Noticed Robin
   767 | D:2      | HP: 1/40 [goblin[Robin] (2)]
   773 | D:2      | Slain by a hobgoblin

Skill      XL: |  1  2 |
---------------+-------+-----
Dodging        | 3 |  3.2
Staves         | 3 |  3.4
Fighting       | |  2.3
Throwing       | |  1.7
Stealth        | |  0.3

Action                   || total
-------------------------++-------
Melee: Quarterstaff      ||    94
  Use: Potion            ||     3
 Stab: Sleeping          ||     1
Armor: Leather armour    ||    31
Dodge: Dodged            ||    88
